 Dungeon Crawl Stone Soup version 0.23.2-40-g277498a001 (webtiles) character file.

Game seed: 9322375201378775235

13672 Amplified the Slicer (level 11, -5/102 HPs)
             Began as a Yellow Draconian Fire Elementalist on Oct 14, 2019.
             Was a Priest of Vehumet.
             Slain by a death ooze (26 damage)
             ... in a Gauntlet.
             The game lasted 00:18:43 (11464 turns).

Amplified the Slicer (DrFE)                        Turns: 11464, Time: 00:18:44

Health: -5/102     AC: 10    Str: 11    XL:     11   Next: 78%
Magic:  16/18      EV: 13    Int: 19    God:    Vehumet [***...]
Gold:   705        SH:  5    Dex: 11    Spells: 10/19 levels left

rFire    + . .     SeeInvis .   c - +3 short sword (elec)
rCold    + + .     Gourm    .   d - +1 buckler
rNeg     . . .     Faith    .   (armour unavailable)
rPois    +         Spirit   .   (helmet restricted)
rElec    .         Reflect  .   o - scarf {rC+ rF+}
rCorr    +         Harm     .   (no gloves)
MR       .....     NoTele   +   t - +2 pair of boots
Stlth    ++........             y - amulet of magic regeneration
HPRegen  0.27/turn              l - ring of poison resistance
MPRegen  0.41/turn              j - ring of protection from cold

@: very slightly contaminated, lightly drained
A: spit acid, unfitting armour, cold-blooded, acid resistance, AC +7
a: Breathe Acid, Renounce Religion


You were in a Gauntlet.
You worshipped Vehumet.
Vehumet was most pleased with you.
You were not hungry.

You visited 2 branches of the dungeon, and saw 14 of its levels.
You also visited: Gauntlet.

You collected 705 gold pieces.

Inventory:

Hand Weapons
 c - a +3 short sword of electrocution (weapon)
 g - a +2 short sword of draining
Armour
 d - a +1 buckler (worn)
 o - a scarf of resistance (worn)
 t - a +2 pair of boots (worn)
Magical Staves
 x - a cursed staff of energy
Jewellery
 j - a ring of protection from cold (right hand)
 l - a ring of poison resistance (left hand)
 q - an uncursed ring of ice
 r - an uncursed ring of flight
 s - an uncursed ring of see invisible
 y - an amulet of magic regeneration (around neck)
Wands
 m - a wand of scattershot (3)
 A - a wand of enslavement (8)
Scrolls
 a - 2 scrolls of identify
 i - 7 scrolls of remove curse
 n - 2 scrolls of amnesia
 p - 2 scrolls of noise
Potions
 h - 4 potions of flight
 k - a potion of cancellation
 u - a potion of ambrosia
 w - a potion of heal wounds
Comestibles
 b - 10 rations


   Skills:
 * Level 11.0(10.5) Fighting
 - Level 12.0(11.4) Short Blades
 - Level 3.6(3.2) Dodging
 * Level 3.5(3.0) Stealth
 - Level 4.2(3.7) Shields
 * Level 4.6(4.2) Spellcasting
 * Level 6.3(5.8) Conjurations
 * Level 7.0(6.5) Fire Magic


You had 10 spell levels left.
You knew the following spells:

 Your Spells              Type           Power        Failure   Level  Hunger
a - Flame Tongue          Conj/Fire      ####.        1%          1    None
b - Conjure Flame         Conj/Fire      ####....     1%          3    ###....
c - Fireball              Conj/Fire      ####......   8%          5    ######.

Your spell library contained the following spells:

 Spells                   Type           Power        Failure   Level  Hunger
 Static Discharge         Conj/Air       ###.....     3%          3    ###....
 Magic Dart               Conj           ####         1%          1    None
 Searing Ray              Conj           ####..       1%          2    #......
 Throw Flame              Conj/Fire      ####..       1%          2    #......
 Dazzling Spray           Conj/Hex       ###...       3%          3    ###....
 Inner Flame              Hex/Fire       ###.....     3%          3    ###....
 Iskenderun's Mystic Bla  Conj           ####....     3%          4    ####...
 Sticky Flame             Conj/Fire      ####....     3%          4    ####...
 Force Lance              Conj/Tloc      ###.....     11%         4    ####...
 Fulminant Prism          Conj/Hex       ###.......   11%         4    ####...
 Beastly Appendage        Tmut           #.....       14%         1    None
 Confusing Touch          Hex            #.....       14%         1    None
 Sticks to Snakes         Tmut           #.......     21%         2    #......
 Confuse                  Hex            #.......     38%         3    ###....
 Gell's Gravitas          Tloc           #.........   38%         3    ###....
 Spider Form              Tmut/Pois      #.........   38%         3    ###....
 Yara's Violent Unravell  Hex/Tmut       #.........   65%         5    ######.
 Ice Form                 Ice/Tmut       #.......     80%         4    ####...
 Petrify                  Tmut/Erth      #.......     80%         4    ####...
 Blade Hands              Tmut           #.........   98%         5    ######.
 Metabolic Englaciation   Hex/Ice        #.........   98%         5    ######.


Dungeon Overview and Level Annotations

Branches:
Dungeon (13/15)            Temple (1/1) D:5            Lair (0/6) D:9
    Orc (0/2) D:12
 Vaults: D:13-14

Altars:
Ashenzari
Cheibriados
Dithmenos
Elyvilon
Fedhas
Gozag
Hepliaklqana
Kikubaaqudgha
Makhleb
Nemelex Xobeh
Okawaru
Qazlal
Ru
Sif Muna
Trog
Uskayaw
Vehumet
Wu Jian
Xom
Yredelemnul
Zin
The Shining One
Beogh

Annotations:
Gauntlet 15 transporters


Innate Abilities, Weirdness & Mutations

You can spit globs of acid.
Your golden yellow scales are hard. (AC +7)
You cannot fit into any form of body armour.
You are cold-blooded and may be slowed by cold attacks.
You are resistant to acid. (rCorr)


Message History

You feel your flesh rotting away! The death ooze misses you.
You puncture the death ooze! You tail-slap the death ooze.
The death ooze is lightly damaged.
The death ooze hits you!! x2
* * * LOW HITPOINT WARNING * * *
Unknown command.
Okay, then.
The death ooze closely misses you. The death ooze hits you!
* * * LOW HITPOINT WARNING * * *
Unknown command.
Okay, then.
Wield which item (- for none, * to show all)? (? for menu, Esc to quit)
Okay, then.
You feel much better. The death ooze hits you.
The death ooze barely misses you.
The death ooze jiggles.
The death ooze hits you!!
* * * LOW HITPOINT WARNING * * *
The death ooze hits you!!
You die...

.....#######.#######...§≈8≈..§.##
###........#.#...........≈..§....
#8#........#.###########...######
#########..#.#.........#...#.....
#8#..#.#..##.##..#...#..##.
###..#.#.#..#..#.#...#.##..
#..#.#.#..#..#.#...#5#...
###..#©#©.#####..#©.©#35..©
#8#..###=#@.#©.#.#...#5#...
###....#?#.J#..#.#...#5##..
#....#..##.##..#.∩.#..##3
###..#.........#...#.....
#8#..###########...######
###......................
#≈............≈∩≈......
####################### #8# #8#
#8# #8# #8#


You could see a death ooze.

Vanquished Creatures
  Josephine (D:12)
  Fannar (D:12)
  A death yak (D:10)
  3 ugly things (D:12)
  A gargoyle (D:10)
  A troll (D:12)
  3 hornets
  4 hippogriffs
  3 wraiths (D:12)
  A wyvern (D:10)
  2 hungry ghosts
  A water moccasin (D:7)
  Duvessa (D:7)
  3 porcupines (D:9)
  3 ice beasts
  5 orc warriors
  4 sky beasts
  3 phantoms
  2 necrophages
  An eye of draining (D:9)
  5 ogres
  10 centaurs
  A crocodile (D:8)
  2 bullfrogs
  3 gnoll sergeants
  Dowan (D:7)
  A wyvern zombie (D:9)
  3 scorpions
  5 killer bees (D:7)
  3 howler monkeys
  3 crimson imps
  A quasit (D:9)
  2 hounds (D:4)
  2 centaur zombies
  A bullfrog zombie (D:11)
  A jelly (D:7)
  11 orc priests
  2 centaur skeletons
  15 orc wizards
  2 iguanas
  11 worker ants
  3 hell rats (D:9)
  A hound zombie (D:8)
  A hound skeleton (D:8)
  14 gnolls
  7 adders
  A howler monkey skeleton (D:6)
  A shadow imp (D:8)
  An adder zombie (D:7)
  2 adder skeletons (D:5)
  4 worms
  3 dart slugs
  4 leopard geckos
  43 orcs
  A ball python (D:3)
  6 giant cockroaches
  7 goblins
  8 hobgoblins
  3 jackals
  7 quokkas
  8 bats
  3 frilled lizards
  5 kobolds
  2 leopard gecko skeletons (D:4)
  A quokka skeleton (D:5)
  4 rats
269 creatures vanquished.

Vanquished Creatures (others)
  2 plants (Gauntlet)
2 creatures vanquished.

Grand Total: 271 creatures vanquished

Notes
Turn   | Place    | Note
-------+----------+-------------------------------------------
     0 | D:1      | Amplified the Draconian Fire Elementalist began the quest
                  | for the Orb.
     0 | D:1      | Reached XP level 1. HP: 14/14 MP: 3/3
   423 | D:1      | Reached XP level 2. HP: 21/22 MP: 5/5
   833 | D:2      | Reached skill level 1 in Fighting
   914 | D:2      | Reached skill level 1 in Shields
   974 | D:2      | Reached skill level 1 in Short Blades
   974 | D:2      | Reached XP level 3. HP: 21/28 MP: 6/6
  1625 | D:3      | Learned a level 3 spell: Conjure Flame
  1719 | D:3      | Reached XP level 4. HP: 29/36 MP: 7/7
  2103 | D:3      | Reached skill level 2 in Short Blades
  2172 | D:3      | Found a sacrificial altar of Ru.
  2465 | D:3      | Reached XP level 5. HP: 38/42 MP: 8/8
  2633 | D:4      | Noticed a phantom
  2646 | D:5      | Entered Level 5 of the Dungeon
  2648 | D:5      | Found a staircase to the Ecumenical Temple.
  2675 | D:5      | Killed a phantom
  2675 | D:5      | Reached skill level 3 in Short Blades
  2690 | Temple   | Entered the Ecumenical Temple
  3070 | D:5      | Noticed a centaur
  3086 | D:5      | Killed a centaur
  3086 | D:5      | Reached XP level 6. HP: 43/52 MP: 9/9
  3120 | D:5      | Found a shadowy altar of Dithmenos.
  3316 | D:5      | Your scales start taking on a golden yellow colour.
  3316 | D:5      | Reached XP level 7. HP: 60/60 MP: 2/10
  3316 | D:5      | Gained mutation: You are resistant to acid. (rCorr) [Yellow
                  | Draconian growth]
  3463 | D:5      | Reached skill level 4 in Short Blades
  3867 | D:4      | Reached skill level 5 in Fighting
  4301 | D:4      | Found a burning altar of Makhleb.
  4542 | D:6      | Reached XP level 8. HP: 39/69 MP: 11/11
  4582 | D:6      | Found an ornate altar of the Wu Jian Council.
  4709 | D:6      | Reached skill level 5 in Short Blades
  5596 | D:6      | Reached skill level 10 in Short Blades
  5596 | D:6      | Reached XP level 9. HP: 85/85 MP: 12/12
  5619 | D:7      | Noticed Duvessa
  5619 | D:7      | Noticed Dowan
  5722 | D:7      | Reached skill level 5 in Fire Magic
  6026 | D:8      | Reached skill level 11 in Short Blades
  6034 | D:8      | Reached XP level 10. HP: 51/93 MP: 13/13
  6276 | D:8      | Found an ornate altar of the Wu Jian Council.
  6276 | D:8      | Found a radiant altar of Vehumet.
  6285 | D:8      | Became a worshipper of Vehumet
  6479 | D:8      | Found a radiant altar of Vehumet.
  7374 | D:9      | Noticed a death yak
  7455 | D:7      | Killed Duvessa
  7461 | D:7      | Killed Dowan
  7461 | D:7      | Reached skill level 12 in Short Blades
  7536 | D:7      | Reached * piety under Vehumet
  7536 | D:7      | Offered knowledge of Magic Dart by Vehumet.
  7740 | D:7      | Found an opulent altar of Gozag.
  7742 | D:7      | Found a bloodstained altar of Trog.
  7991 | D:8      | Reached skill level 10 in Fighting
  8274 | D:9      | Noticed a death yak
  8278 | D:9      | Found a staircase to the Lair.
  8288 | D:9      | Noticed a death yak
  8289 | D:10     | Entered Level 10 of the Dungeon
  8296 | D:10     | Killed a death yak
  8765 | D:10     | Reached ** piety under Vehumet
  8765 | D:10     | Offered knowledge of Shock by Vehumet.
  9173 | D:10     | Reached skill level 5 in Conjurations
  9173 | D:10     | Reached XP level 11. HP: 85/100 MP: 15/15
  9925 | D:11     | Learned a level 5 spell: Fireball
 10505 | D:11     | Found a roughly hewn altar of Beogh.
 10508 | D:11     | Offered knowledge of Static Discharge by Vehumet.
 10561 | D:12     | Noticed a white ugly thing
 10638 | D:12     | Noticed a purple ugly thing
 10687 | D:12     | Noticed a purple ugly thing
 10689 | D:12     | Found a staircase to the Orcish Mines.
 10714 | D:12     | Killed a cyan ugly thing
 10714 | D:12     | Reached *** piety under Vehumet
 10715 | D:12     | Killed a purple ugly thing
 10780 | D:12     | Noticed Fannar
 10782 | D:12     | Noticed Josephine
 10795 | D:12     | Killed Fannar
 10804 | D:12     | Killed Josephine
 10830 | D:12     | Killed a white ugly thing
 10937 | D:12     | Found a gate leading to a gauntlet.
 10946 | Gauntlet | Entered a Gauntlet
 10946 | Gauntlet | Found a transporter.
 10946 | Gauntlet | Found a transporter.
 11074 | Gauntlet | Found a transporter.
 11074 | Gauntlet | Found a transporter.
 11081 | Gauntlet | Noticed a sixfirhy
 11083 | Gauntlet | Found a transporter.
 11102 | Gauntlet | Found a transporter.
 11109 | Gauntlet | Noticed a green ugly thing
 11110 | Gauntlet | Found a transporter.
 11111 | Gauntlet | Noticed a thrashing horror
 11111 | Gauntlet | Noticed a great orb of eyes
 11112 | Gauntlet | Found a transporter.
 11112 | Gauntlet | Found a transporter.
 11112 | Gauntlet | Noticed a purple ugly thing
 11113 | Gauntlet | Noticed a thrashing horror
 11143 | Gauntlet | Found a transporter.
 11155 | Gauntlet | Found a transporter.
 11172 | Gauntlet | Noticed a death ooze
 11173 | Gauntlet | Found a transporter.
 11219 | Gauntlet | Found a transporter.
 11237 | Gauntlet | Found a transporter.
 11338 | Gauntlet | Found a transporter.
 11359 | Gauntlet | Found a transporter.
 11361 | Gauntlet | Noticed a fire crab
 11464 | Gauntlet | Slain by a death ooze

Skill      XL: |  1  2  3  4  5  6  7  8  9 10 11 |
---------------+----------------------------------+-----
Fighting       | 1 2 3 4 5 9 10 11 | 11.0
Shields        | 1 2 3 4 |  4.2
Short Blades   | 1 2 3 4 10 11 12 | 12.0
Conjurations   | 2 3 4 5 6 |  6.3
Fire Magic     | 4 5 7 |  7.0
Dodging        | 3 |  3.6
Spellcasting   | 3 4 |  4.6
Stealth        | 3 |  3.5

Action                   |  1- 3 |  4- 6 |  7- 9 | 10-12 || total
-------------------------+-------+-------+-------+-------++-------
Melee: Unarmed           |    10 |       |       |       ||    10
       Short sword       |    82 |   111 |   185 |   528 ||   906
       Tailslap          |     5 |    11 |    10 |    66 ||    92
Throw: Throwing net      |       |       |       |     4 ||     4
 Cast: Flame Tongue      |     8 |     8 |     2 |     3 ||    21
       Conjure Flame     |       |     2 |       |       ||     2
       Fireball          |       |       |       |     8 ||     8
 Abil: Breathe Acid      |       |       |     4 |    12 ||    16
Evoke: Wand              |       |       |     4 |     1 ||     5
  Use: Scroll            |    11 |     5 |     3 |    11 ||    30
       Potion            |       |     4 |     3 |     5 ||    12
 Stab: Sleeping          |     2 |       |     1 |     3 ||     6
       Held in net/web   |       |       |       |     3 ||     3
  Eat: Chunk             |     3 |     2 |     6 |    10 ||    21
       Ration            |       |     1 |     1 |     5 ||     7
Armor: Skin              |    42 |    18 |    34 |    98 ||   192
Dodge: Dodged            |    67 |    43 |    63 |   157 ||   330
Block: Buckler           |    11 |    14 |    29 |    85 ||   139
